 Dungeon Crawl Stone Soup version 0.30-b1-2-g02819fbbbe (webtiles) character file.

Game seed: 11826354063258127031

195 Alarkh the Insei (level 5, 38/38 HPs)
             Began as a Demonspawn Warper on May 23, 2023.
             Got out of the dungeon alive.
             The game lasted 00:00:51 (973 turns).

Alarkh the Insei (Demonspawn Warper)                 Turns: 973, Time: 00:00:52

Health: 38/38      AC:  3    Str: 11    XL:     5   Next: 45%
Magic:  8/8        EV: 11    Int: 17    God:
Gold:   72         SH:  0    Dex: 12    Spells: 8/8 levels left

rFire   . .          .
                       - Unarmed
rCold   . . .        (no shield)
rNeg    . . .        a - +0 leather armour
rPois   .            (helmet restricted)
rElec   .            (no cloak)
rCorr   .            (no gloves)
SInv    .            (no boots)
Will    .....        (no amulet)
Stlth   +            (no ring)
HPRegen 0.26/turn    (no ring)
MPRegen 0.11/turn

%: no passive effects
@: no status effects
A: claws 2, horns 2
a: no special abilities


You escaped.
You visited 1 branch of the dungeon, and saw 2 of its levels.

You collected 72 gold pieces.

Inventory:

Missiles
 c - 7 boomerangs of dispersal (quivered)
Armour
 a - a +0 leather armour (worn)
Scrolls
 b - a scroll of blinking
 e - a scroll of amnesia {unknown}
 f - a scroll of identify {unknown}
Potions
 d - a potion of lignification {unknown}
 g - a potion of curing {unknown}


   Skills:
 - Level 2.0 Fighting
 - Level 0.8 Throwing
 - Level 0.8 Armour
 - Level 1.7 Dodging
 * Level 5.2 Unarmed Combat
 - Level 2.0 Spellcasting
 - Level 2.6 Translocations


You had 8 spell levels left.
You didn't know any spells.
Your spell library contained the following spells:

 Spells                   Type           Power      Damage    Failure   Level
 Blink                    Tloc           20%        N/A       13%         2
 Lesser Beckoning         Tloc           20%        N/A       13%         2
 Teleport Other           Tloc           10%        N/A       26%         3
 Vhi's Electric Charge    Tloc/Air       12%        N/A       41%         3
 Manifold Assault         Tloc           10%        N/A       63%         4
 Passage of Golubria      Tloc           10%        N/A       63%         4
 Silence                  Hex/Air        0%         N/A       100%        5
 Lehudib's Crystal Spear  Conj/Erth      0%         10d2      100%        8


Dungeon Overview and Level Annotations

Branches:
Dungeon (2/15)

Altars:


Innate Abilities, Weirdness & Mutations

You have very sharp fingernails.
You have a pair of horns on your head.


Message History

The worm moves out of view.
You see here a bat corpse.
The ball python hisses angrily.
You scratch the worm.
The worm is moderately wounded.
The worm closely misses you.
You claw the worm!
The worm is severely wounded.
The ball python closely misses you. The ball python barely misses you.
You scratch the worm.
The worm is almost dead.
The ball python bites you. The ball python grabs you.
The ball python constricts you. The worm bites you.
You scratch the ball python.
You kill the ball python!
You barely miss the worm.
The worm is severely wounded.
The worm bites you.
You scratch the worm.
You kill the worm!
No target in view!
No target in view!
No target in view!
No target in view!
No target in view!
No target in view!
No target in view!
No target in view!
No target in view!
No target in view!
There is a stone staircase leading up, spattered with blood here.
You see here a ball python corpse.
You climb upwards.
There is a stone staircase leading down here.
HP restored.
You open the door.
There is an open door here.
There is a staircase leading out of the dungeon here.
Are you sure you want to leave the Dungeon?
This will make you lose the game!
You have escaped!

#........)......##.# #.....####
#.......(..........###########...
#......................####....##
#..........#####'#####.#....####
#..........#PPP#.#PPP#...####
##......>..#P⌠P#.#P⌠P#..##
##.....#..#PPP#.#PPP#..#
#######..#####.#####..#
#..'....@....+..#
##.#####.#####..#
#.#PPP#.#PPP#..# #.#P⌠P#.#P⌠P#..#
#.#PPP#.#PPP#..# #.#####'#####..#
#............).# #######........#
##########


There were no monsters in sight!

Vanquished Creatures
  Sigmund (D:2)
  A worm (D:2)
  3 dart slugs
  5 bats
  4 endoplasms (D:1)
  2 giant cockroaches (D:1)
  A hobgoblin (D:1)
  3 quokkas (D:1)
  2 ball pythons
  A frilled lizard (D:1)
  A goblin (D:1)
  2 kobolds (D:2)
  A rat (D:1)
27 creatures vanquished.

Notes
Turn   | Place    | Note
-------+----------+-------------------------------------------
     0 | D:1      | Alarkh the Demonspawn Warper began the quest for the Orb.
     0 | D:1      | Reached XP level 1. HP: 16/16 MP: 3/3
   147 | D:1      | Reached skill level 2 in Unarmed Combat
   230 | D:1      | Discovered your monstrous ancestry.
   230 | D:1      | Gained mutation: You have sharp fingernails. [demonic
                  | ancestry]
   230 | D:1      | Reached XP level 2. HP: 18/22 MP: 5/5
   372 | D:1      | Reached skill level 3 in Unarmed Combat
   552 | D:1      | Found a faded altar of an unknown god.
   636 | D:2      | Gained mutation: You have very sharp fingernails. [demonic
                  | ancestry]
   636 | D:2      | Reached XP level 3. HP: 7/27 MP: 6/6
   804 | D:2      | Noticed Sigmund
   816 | D:2      | Killed Sigmund
   817 | D:2      | Reached skill level 5 in Unarmed Combat
   817 | D:2      | Gained mutation: You have a pair of small horns on your
                  | head. [demonic ancestry]
   817 | D:2      | Reached XP level 4. HP: 21/33 MP: 7/7
   817 | D:2      | Gained mutation: You have a pair of horns on your head.
                  | [demonic ancestry]
   817 | D:2      | Reached XP level 5. HP: 25/38 MP: 8/8
   973 | D:$      | Got out of the dungeon alive.

Illustrated notes

Levels and vault maps discovered:
D:1:      beargit_arrival_greenhouse, layout_rooms,
          dreamdust_ecumenical_altar_angels_and_demons
D:2:      layout_loops_corners, basic_altar, uniq_sigmund

Skill      XL: |  1  2  3 |
---------------+----------+-----
Unarmed Combat | 2 3 5 |  5.2
Fighting       | |  2.0
Throwing       | |  0.8
Armour         | |  0.8
Dodging        | |  1.7
Spellcasting   | |  2.0
Translocations | |  2.6

Action                     |  1- 3 |  4- 6 || total
---------------------------+-------+-------++-------
  Melee: Unarmed           |    88 |     7 ||    95
         Punch             |     2 |       ||     2
         Headbutt          |       |     1 ||     1
   Stab: Sleeping          |     1 |       ||     1
 Armour: Leather armour    |    25 |     1 ||    26
  Dodge: Dodged            |    46 |     3 ||    49
